 Dungeon Crawl Stone Soup version bcrawl-1.19-7-g22fd707d3b (webtiles) character file.

Game seed: 4258368057174222218

8 DroneFragger the Magician (level 2, 17/17 HPs)
             Began as a Fairy Wizard on Oct 22, 2019.
             Got out of the dungeon alive.
             The game lasted 00:01:20 (366 turns).

DroneFragger the Magician (Fairy Wizard)             Turns: 366, Time: 00:01:21

Health: 17/17      AC:  3    Str:  5    XL:     2   Next: 8%
Magic:  9/9        EV: 16    Int: 21    God:
Gold:   50         SH:  3    Dex: 10    Spells: 8/9 levels left

rFire    . . .     SeeInvis .   a - +0 staff
rCold    . . .     Gourm    .   (shield currently unavailable)
rNeg     . . .     Faith    .   (armour unavailable)
rPois    .         Spirit   .   b - +0 hat
rElec    .         Reflect  .   (no cloak)
rCorr    .         Harm     .   (no gloves)
MR       .....                  (no boots)
Stlth    +.........             (no amulet)
HPRegen  0.05/turn              (no ring)
MPRegen  0.11/turn              (no ring)

@: flying evasively
A: small, magic attunement, unstealthy, unfitting armour, able to fly, AC/SH +3
a: Stop Flying


You escaped.
You were not hungry.

You visited 1 branch of the dungeon, and saw 1 of its levels.

You collected 50 gold pieces.

Inventory:

Hand Weapons
 a - a +0 staff (weapon)
Armour
 b - a +0 hat (worn)
Scrolls
 e - 2 scrolls of amnesia {unknown}
Potions
 c - a potion of heal wounds {unknown}
Comestibles
 d - a ration {!d}


   Skills:
 + Level 2.9 Dodging
 + Level 1.6 Stealth
 + Level 4.4 Spellcasting
 + Level 1.3 Conjurations
   Level 1.1 Summonings
   Level 1.1 Translocations


You had 8 spell levels left.
You knew the following spells:

 Your Spells              Type           Power        Failure   Level  Hunger
a - Magic Dart            Conj           ##..         6%          1    None

Your spell library contained the following spells:

 Spells                   Type           Power        Failure   Level  Hunger
 Blink                    Tloc           N/A          11%         2    None
 Call Imp                 Summ           #.....       11%         2    None
 Slow                     Hex            #.......     12%         1    None
 Conjure Flame            Conj/Fire      #.......     26%         3    None
 Mephitic Cloud           Conj/Pois/Air  #.......     28%         3    None


Dungeon Overview and Level Annotations

Branches:
Dungeon (1/12)

Altars:


Innate Abilities, Weirdness & Mutations

Your spells do not cause hunger and MP costs are reduced by 1.
Your bright wings attract enemies. (Stealth-)
You cannot fit into any form of body armour.
Your shimmering scales are hard and can block incoming attacks. (AC +3, SH +3)
You are small and have problems with some larger weapons.
You can fly continuously.


Message History

You see here a hobgoblin corpse.
Found a hand axe.
You now have 50 gold pieces (gained 17).
You start resting.
Your magical contamination has completely faded away.
Welcome back, DroneFragger the Fairy Wizard.
Press ? for a list of commands and other information.
Unknown command.
You see here a hobgoblin corpse.
Things that are here:
a +0 dagger; a kobold corpse; a giant cockroach corpse
e - 2 scrolls labeled LEIDDO VARRIE (gained 1)
You see here a frilled lizard corpse.
HP restored.
You see here a robe.
You reach down and open the door.
There is an open door here.
There is a staircase leading out of the dungeon here.
Are you sure you want to leave the Dungeon?
This will make you lose the game!
You have escaped!

#.#####..#####
#...........##
#)###........#
#.###.##......
#.....##.....# #+#
#.###.###..[## ## #.#
#.# #.....### ...
###.###.#####.### ..
#..@..#....>..# #.
########.#######.###
#.#.+.............'.#
#...####.#####.####.#
#..##.##.#####.##...#
#.....'.........'.###
##.########.#######
##...##...........#
......#..######.######


There were no monsters in sight!

Vanquished Creatures
  3 giant cockroaches (D:1)
  A hobgoblin (D:1)
  A frilled lizard (D:1)
  2 kobolds (D:1)
  A rat (D:1)
8 creatures vanquished.

Notes
Turn   | Place    | Note
-------+----------+-------------------------------------------
     0 | D:1      | DroneFragger the Fairy Wizard began the quest for the Orb.
     0 | D:1      | Reached XP level 1. HP: 11/11 MP: 7/7
   251 | D:1      | Reached XP level 2. HP: 17/17 MP: 9/9
   252 | D:1      | Upgraded the game from bcrawl-1.17.3 to bcrawl-1.18
   285 | D:1      | Upgraded the game from bcrawl-1.18 to
                  | bcrawl-1.19-7-g22fd707d3b
   366 | D:$      | Got out of the dungeon alive.

Action                   || total
-------------------------++-------
 Cast: Magic Dart        ||    30
Armor: Skin              ||     1
Dodge: Dodged            ||    13
Block: Other             ||     3
